Map: Catalyst LE

Players

SamuraiFunn

  • Race: Protoss Protoss
  • League: Platinum
  • Spawn Location: 5:00

A.I. 1 (Very Hard) - Winner!

  • Race: Terran Terran
  • Spawn Location: 11:00

VOD

Have the link to the VOD?

Description

Time

  • Played on: Nov. 30, 2017, 9:07 p.m.
  • Length: 4:18
Show
View Real Time Build Order
Export as new Build Order

SamuraiFunn Protoss 

Build Orders:  

Get SALT Encoding   

  12  0:01  Probe  
  13  0:13  Probe  
  14  0:21  Pylon  
  14  0:25  Probe  
  15  0:39  Probe  
  16  0:47  Gateway  
  16  0:51  Probe  
  17  1:00  Assimilator  
  17  1:03  Probe (Chrono Boost), Pylon  
  18  1:15  Probe (Chrono Boost)  
  20  1:19  Probe (Chrono Boost)  
  20  1:29  Probe  
  21  1:41  Probe, Cybernetics Core  
  21  1:44  Assimilator  
  21  1:47  Zealot (Chrono Boost)  
  24  1:54  Probe  
  25  2:05  Nexus  
  25  2:07  Probe  
  26  2:19  Probe  
  27  2:26  Adept  
  29  2:33  Gateway, Probe  
  29  2:35  Warp Gate (Chrono Boost)  
  30  2:45  Probe  
  31  2:55  Pylon  
  31  3:16  Probe (Chrono Boost)  
  31  3:18  Assimilator  
  33  3:21  Pylon  
  34  3:28  Probe x2 (Chrono Boost)  
  34  3:29  Stalker x2  
  34  3:30  Probe  
  34  3:31  Probe  
  40  3:44  Twilight Council  
  40  3:45  Robotics Facility  
  40  3:50  Probe x2  
  42  4:02  Assimilator  
  42  4:03  Probe x2  
Show
View Real Time Build Order
Export as new Build Order

A.I. 1 (Very Hard) Terran - Winner!

Build Orders:  

Get SALT Encoding   

  12  0:00  SCV  
  13  0:13  SCV  
  14  0:19  Supply Depot  
  14  0:25  SCV  
  15  0:40  SCV  
  16  0:43  Barracks  
  16  0:46  Refinery  
  16  0:52  SCV  
  17  1:03  Barracks  
  17  1:05  SCV  
  18  1:17  SCV  
  19  1:31  Marine, Orbital Command  
  20  1:43  Barracks  
  20  1:49  Marine  
  20  1:50  Marine  
  22  1:58  Supply Depot  
  22  2:00  SCV  
  23  2:08  Barracks Tech Lab  
  23  2:09  Barracks Tech Lab  
  23  2:19  SCV  
  24  2:26  Marine  
  24  2:27  Concussive Shells  
  24  2:28  Marine  
  24  2:29  Marine  
  27  2:37  Supply Depot  
  27  2:43  Marine  
  28  2:45  Marine  
  28  2:46  SCV  
  28  2:47  Marine  
  31  3:02  Marauder  
  31  3:04  Marauder  
  31  3:05  Marine, Supply Depot  
  36  3:20  SCV  
  36  3:23  Marine x2  
  36  3:26  Marine  
  40  3:28  Supply Depot  
  40  3:38  Refinery  
  40  3:40  Marine  
  41  3:45  Marauder  
  43  4:01  SCV  
  47  4:10  Supply Depot  
Tags
 
League
Platinum
Matchup
PvT
Replay Pack
First 100 games
Spawn Locations
Cross Positions
Add a new tag
Caveats
  • Supply blocks, unpowered buildings, or Contaminate may cause inaccurate times.
  • Supply counts are checked every 10 seconds.